FIQ, neutral male gnomish Wizard }}}}}};}}}}}}}}}}}}}}}}}}}}}}}}}}}}}}}}}}}}}}}}}}}}}}}}}}}}}}}}}}}}}}}}}}}} }}}}}}}}}}}}}}}}}}}}}}}}}}}}}}}}}}}}}}}}}}}}}}}}}}}}}}}}}}}}}}}}}}}}}}}}}}} }}.}}}}}..}}}}}......}}}}}}}}}}}}}}}}}}}}}}}}}}}}}}}}}}}}}}}....}}}.^.}}}}} }...}S.....}}}}}....}}}}}}}}}}}}}}}}}}}}}}}}}}}}}}}}}}}}}}}...............} ;....}}}}}}}}}}....}}}..}}}}}}}}}}}.......}}}}}}}}}}}}}}}}..}}...!.}}}...}} }....}}}}}}}}.../.}}}}..}}}}}}.................}}}}}}}}}}}.}}}}.....}}...}} }....}}}}}}}}}}}}.}}}}.}}}}}}T----------------- }....}}}}}}}}}}}}}}}}}}.}}}.f.| }.....}.}}).a.}}}}}}}}}.}}....----- }..N...}}}}..}}}}}}}}}}}}}....`%..| }`.G..}}}}}}}}}}}}}}}}}}}}........| }..c..}}}}}}}}}}}}}}}}}}}}....----- }...[..}}}}}}}}}}}}}}}}}}}}...| }..`....}}}}}}}..}}}}}}}}}}}}.----------------- }}}}}....}}}}}} ;..*.<...}}.}}....}}}}}}}}}}}}.....`......?....}}}}}..}}}}}}}}}.......}}}}} }.......}}}}}}}.)....}}}}}}}}}}}}}}.......}}}}}}}}}.....}}}}}}.` }.....}}}}}}}}}}}d....}}}}}}}}}}}}}}}}}}}}}}.}}}}}}}..}}}}}}}}}}....}}}}}}} }}..}}}}}}}}}}}}}....}}}}}}}}}}}}}}}}}}}}}}...}}..}}}}}}}.}}.}}}}.`}}}}}}}} }}}}}}}}}}}}}}}}}}}}}}}}}}}}}}}}}}}}}}}}}}}}}}}}}}}}}}}}}}}}}}}}}}}}}}}}}}} }}}}}}}}}}}}}}}}}}}}}}}}}}}}}}}}}}}}}}}}}}}}}}}}}}}}}}}}}}}}}}}}}}}}}}}}}}} FIQ the Conjurer Experience level: 4 Strength: 18/13 Dexterity: 13 Constitution: 17 Intelligence: 16 Wisdom: 19 Charisma: 7 Health: 33(33) Energy: 49(55) Def: 16 Gold: 199 Moves: 25752 Dungeon seed: q-JbAmBheBmaCSIi Game ID: FIQ_1444393314 Your Inventory: Coins $ - 199 gold pieces Amulets y - an uncursed amulet of reflection (being worn) Z - an uncursed amulet versus poison Weapons a - a blessed +1 quarterstaff (weapon in hands) f - an uncursed +2 aklys (in quiver) Armor d - an uncursed +0 cloak of magic resistance (being worn) n - an uncursed +1 studded leather armor (being worn) Y - an uncursed +0 pair of kicking boots (being worn) Comestibles x - an uncursed tripe ration z - an uncursed slime mold Scrolls M - an uncursed scroll of earth N - a blessed scroll of earth Tools b - an uncursed bag of holding c - the blessed fireproof Platinum Yendorian Express Card h - an uncursed -2 unicorn horn k - an uncursed skeleton key l - a blessed oil lamp (7:6730) o - an uncursed magic marker (0:35) s - an uncursed stethoscope t - an uncursed towel u - an uncursed blindfold w - an uncursed magic whistle J - a cursed brass lantern (0:1471) Gems e - an uncursed worthless piece of black glass g - an uncursed luckstone q - an uncursed fluorite stone r - 3 uncursed worthless pieces of green glass H - 3 uncursed worthless pieces of yellow glass Contents of the bag of holding: 1486 gold pieces an uncursed cream pie an uncursed egg an uncursed fortune cookie 3 uncursed lembas wafers 3 uncursed lizard corpses an uncursed orange 2 uncursed slime molds an uncursed sprig of wolfsbane an uncursed tripe ration 2 cursed tripe rations a blessed scroll of blank paper 3 uncursed scrolls of blank paper an uncursed scroll of confuse monster 2 uncursed scrolls of create monster an uncursed scroll of enchant armor a blessed scroll of enchant weapon 4 uncursed scrolls of fire a cursed scroll of food detection a blessed scroll of teleportation an uncursed scroll of teleportation an uncursed scroll of water an uncursed spellbook of create monster an uncursed spellbook of cure sickness an uncursed spellbook of detect food an uncursed spellbook of fireball an uncursed potion of blindness a cursed potion of booze a blessed potion of confusion a blessed potion of extra healing an uncursed potion of extra healing a cursed potion of full healing an uncursed potion of gain ability an uncursed potion of hallucination a blessed potion of invisibility an uncursed potion of levitation an uncursed potion of monster detection an uncursed potion of polymorph an uncursed potion of restore ability an uncursed potion of see invisible a blessed potion of sickness 2 uncursed potions of sickness a cursed potion of speed an uncursed potion of water an uncursed ring of fire resistance an uncursed ring of fire resistance an uncursed ring of fire resistance a cursed ring of fire resistance a blessed +1 ring of gain constitution a blessed +1 ring of gain strength an uncursed ring of invisibility an uncursed ring of polymorph control an uncursed ring of protection from shape changers an uncursed ring of see invisible an uncursed ring of sustain ability an uncursed ring of teleport control an uncursed ring of teleport control an uncursed ring of teleport control an uncursed wand of digging (0:7) an uncursed wand of digging (0:7) an uncursed wand of digging (0:5) an uncursed wand of digging (0:5) an uncursed wand of digging (0:5) an uncursed wand of enlightenment (0:1) an uncursed wand of fire (0:5) an uncursed wand of lightning (0:7) an uncursed wand of magic missile (0:7) an uncursed wand of polymorph (0:7) a cursed wand of polymorph (0:7) an uncursed wand of probing (0:6) an uncursed wand of secret door detection (0:14) an uncursed wand of secret door detection (0:11) an uncursed wand of secret door detection (0:10) an uncursed wand of teleportation (0:0) Spells and supernatural/magical abilities: Name Level Category Fail Memory a - force bolt 1 attack 0% 90% c - cause fear 3 enchantment 4% 69% e - charm monster 3 enchantment 4% 90% f - fireball 4 attack 88% 97% h - healing 1 healing 0% 90% j - jumping 1 escape 0% 69% k - knock 1 matter 0% 90% l - light 1 divination 0% 90% m - magic missile 2 attack 0% 90% n - detect monsters 1 divination 0% 69% p - protection 1 clerical 0% 56% z - sleep 1 enchantment 0% 52% B - cure blindness 2 healing 73% 65% E - detect food 2 divination 0% 97% K - cure sickness 3 healing 100% 97% O - create monster 2 clerical 73% 93% S - stone to flesh 3 healing 100% 90% W - pray for help -- divine ? -- Your skills at the end: Miscellaneous Skills wands [Skilled] Weapon Skills quarterstaff [Basic] crossbow [Basic] Spellcasting Skills attack spells [Basic] divination spells [Basic] enchantment spells [Basic] Final Attributes: You were fervently aligned. You were shock resistant. You were poison resistant. You were magic-protected. You were telepathic. You had infravision. You were protected. You were fast. You had reflection. You were lucky. You had extra luck. Bad luck did not time out for you. Good luck did not time out for you. You survived. Vanquished creatures: 2 red dragons 6 baby red dragons a clay golem a black pudding a ghost a queen bee 2 giant mimics 2 wumpuses a long worm a stalker a fire elemental a xorn 2 winter wolves 4 small mimics an island nymph a xan 3 quantum mechanics a troll a wood golem a tiger a gargoyle a tengu an ochre jelly a leocrotta 4 giants a pit viper 3 wraiths 2 ettin zombies 2 leather golems a succubus 3 giant beetles 2 cockatrices 11 wolves a lynx 3 leprechauns a quivering blob 5 lizards 2 orc-captains a giant spider an iron piercer 2 ice vortices 11 vampire bats an orc mummy 2 ogres a rust monster 3 owlbears 2 yetis 2 werewolves an apprentice a dog a dingo 2 jaguars 2 blue jellies a water nymph a black unicorn 3 dust vortices a raven a gnome mummy 2 snakes 3 apes 4 human zombies a rope golem 3 Woodland-elves 4 soldier ants 5 fire ants 5 bugbears 2 imps 3 quasits 3 baby crocodiles a wood nymph 15 Mordor orcs 5 Uruk-hai 2 orc shamans 2 rock moles 3 rock piercers a pony a fog cloud 3 yellow lights 3 shriekers 5 violet fungi a kobold mummy a red naga hatchling 4 gray oozes 2 barrow wights 3 elf zombies 2 straw golems 2 paper golems 9 giant ants 4 little dogs 9 floating eyes a kitten 3 dwarves 9 homunculi 5 kobold lords 10 iguanas 11 hill orcs 13 rothes 7 rabid rats 5 centipedes 4 giant bats 11 orc zombies 6 dwarf zombies 3 wererats 4 werejackals 32 killer bees 6 coyotes 3 gas spores 16 hobbits 6 acid blobs 7 large kobolds 12 geckos 10 hobgoblins 18 giant rats 18 cave spiders 3 brown molds 10 yellow molds 2 green molds 3 red molds 9 gnomes 6 garter snakes 9 manes 4 gnome zombies 32 jackals 6 foxes 7 kobolds 19 newts 12 goblins 29 sewer rats 15 grid bugs 6 bats 14 lichens 11 kobold zombies 649 creatures vanquished. Voluntary challenges: You never hit with a wielded weapon. You were a pacifist. You read items or engraved 94 times, starting on turn 1662. You never genocided any monsters. You never polymorphed an object. You never changed form. You completed Sokoban on turn 15237, according to the rules. You used 1 wish, starting on turn 5710. You wished for your your first artifact on turn 5710. You never split a pudding. You wrote Elbereth's name 10 times, starting on turn 2264. You violated your moral code, losing 6 points of alignment, starting on turn 8202. Dungeon overview: The Dungeons of Doom: levels 1 to 22 Level 1 a fountain a long staircase Level 2 a general store, an altar to Ptah stairs to The Gnomish Mines Level 3 a general store Level 4 Level 5 many fountains Level 6 a general store, some fountains, a sink stairs to Sokoban Level 7 Level 8 Level 9 Level 10 a bookstore Level 11 Level 12 a temple to Thoth portal to The Quest Level 13 many fountains Level 14 Level 15 Level 16 Level 17 an altar to Anhur Level 18 Level 19 an altar to Anhur, a fountain Level 20 a fountain Level 21 Level 22 <- You were here The Gnomish Mines: levels 3 to 11 Level 3 stairs to The Dungeons of Doom Level 4 Level 5 Level 6 many shops, a temple to Thoth, a magic chest, some fountains Level 7 Level 8 Level 9 Level 10 Level 11 a magic chest, a fountain The Quest: Level 1 a magic chest, a throne portal to The Dungeons of Doom Sokoban: levels 2 to 5 Level 2 a magic chest Level 3 Level 4 a fountain Level 5 a magic chest stairs to The Dungeons of Doom History has recorded: On T:1 you entered the Dungeons of Doom to retrieve the Amulet of Yendor! On T:323 you reached level 2 of The Dungeons of Doom. On T:1506 you reached level 3 of The Dungeons of Doom. On T:2017 you reached level 4 of The Dungeons of Doom. On T:2130 you reached level 5 of The Dungeons of Doom. On T:2322 you received advice from The Oracle. On T:2322 you advanced to experience level 2. On T:2323 you advanced to experience level 3. On T:3330 you reached level 1 of The Gnomish Mines. On T:3473 you reached level 2 of The Gnomish Mines. On T:3883 you reached level 3 of The Gnomish Mines. On T:4104 you reached level 4 of The Gnomish Mines. On T:4322 you entered the Minetown temple On T:4332 you opened a magic chest. On T:4343 you opened a magic chest. On T:4364 you opened a magic chest. On T:4367 you opened a magic chest. On T:4368 you opened a magic chest. On T:4394 you opened a magic chest. On T:4396 you opened a magic chest. On T:4397 you opened a magic chest. On T:4504 you opened a magic chest. On T:5012 you opened a magic chest. On T:5012 you opened a magic chest. On T:5017 you opened a magic chest. On T:5018 you opened a magic chest. On T:5107 you opened a magic chest. On T:5112 you opened a magic chest. On T:5563 you reached level 5 of The Gnomish Mines. On T:5710 you wished for "blessed fixed platinum yendorian express card". On T:5902 you reached level 6 of The Gnomish Mines. On T:6500 you reached level 7 of The Gnomish Mines. On T:7721 you reached level 8 of The Gnomish Mines. On T:8027 you reached level 9 of The Gnomish Mines. On T:8027 you reached the bottom of the Mines. On T:8289 you opened a magic chest. On T:8327 you opened a magic chest. On T:8329 you opened a magic chest. On T:10595 you opened a magic chest. On T:11637 you reached level 6 of The Dungeons of Doom. On T:11949 you reached level 4 of Sokoban. On T:12439 you reached level 3 of Sokoban. On T:13247 you reached level 2 of Sokoban. On T:14082 you reached level 1 of Sokoban. On T:15237 you advanced to experience level 4. On T:15237 you entered the Sokoban zoo. On T:15820 you reached level 7 of The Dungeons of Doom. On T:16004 you reached level 8 of The Dungeons of Doom. On T:16433 you reached level 9 of The Dungeons of Doom. On T:16746 you reached level 10 of The Dungeons of Doom. On T:17107 you reached level 11 of The Dungeons of Doom. On T:17516 you reached level 12 of The Dungeons of Doom. On T:17949 you reached level 1 of The Quest. On T:18399 you reached level 13 of The Dungeons of Doom. On T:19235 you reached level 14 of The Dungeons of Doom. On T:19848 you reached level 15 of The Dungeons of Doom. On T:20242 you reached level 16 of The Dungeons of Doom. On T:20636 you reached level 17 of The Dungeons of Doom. On T:21793 you reached level 18 of The Dungeons of Doom. On T:21852 you reached level 19 of The Dungeons of Doom. On T:23561 you opened a magic chest. On T:23562 you opened a magic chest. On T:23575 you opened a magic chest. On T:23599 you opened a magic chest. On T:23600 you opened a magic chest. On T:23619 you opened a magic chest. On T:23621 you opened a magic chest. On T:23651 you opened a magic chest. On T:23652 you opened a magic chest. On T:25280 you reached level 20 of The Dungeons of Doom. On T:25622 you reached level 21 of The Dungeons of Doom. On T:25727 you reached level 22 of The Dungeons of Doom. Score breakdown: Gold: 1685 ( 168 points) Experience: 4 levels ( 300 points) Exploration: 22 levels ( 630 points) Discoveries: 41 items ( 2000 points) Variety of kills: 132 monsters ( 2000 points) Major goal: Sokoban/Mines ( 1500 points) Survival: quit (score multiplied by 3) Total score: 19794 Latest messages: Hello FIQ, the gnomish Wizard, welcome back to NetHack! Final status: Goodbye FIQ the Wizard, quit... You quit in The Dungeons of Doom on dungeon level 22 with 19794 points, and 1685 pieces of gold, after 25752 moves. You were level 4 with a maximum of 33 hit points when you quit.